 Dungeon Crawl Stone Soup version 0.20-a0-1109-ge3cd172 (webtiles) character file.

386 urechis the Chopper (level 6, -2/58 HPs)
             Began as a Hill Orc Berserker on May 5, 2017.
             Was a Believer of Trog.
             Splashed by a jelly's acid (6 damage)
             ... on level 4 of the Dungeon.
             The game lasted 00:02:39 (3406 turns).

urechis the Chopper (Hill Orc Berserker)            Turns: 3406, Time: 00:02:40

Health: -2/58      AC:  0    Str: 20    XL:     6   Next: 78%
Magic:  6/6        EV: 14    Int:  7    God:    Trog [**....]
Gold:   165        SH:  0    Dex: 12    Spells: 5/5 levels left

rFire    . . .     SeeInvis .   a - +0 hand axe
rCold    . . .     Gourm    .   (no shield)
rNeg     . . .     Faith    .   z - +0 chain mail
rPois    +         Spirit   .   (no helmet)
rElec    .         Reflect  .   (no cloak)
rCorr    .         Harm     .   (no gloves)
MR       .....                  (no boots)
Stlth    ..........             (no amulet)
Regen    0.2/turn               x - ring of poison resistance
MPRegen  0.1/turn               y - +6 ring of evasion

@: corroded
A: no striking features
a: Berserk, Trog's Hand, Burn Spellbooks, Renounce Religion


You were on level 4 of the Dungeon.
You worshipped Trog.
Trog was pleased with you.
You were near starving.

You visited 1 branch of the dungeon, and saw 4 of its levels.

You collected 165 gold pieces.

Inventory:

Hand Weapons
 a - a +0 hand axe (weapon)
Armour
 z - a +0 chain mail (worn)
Jewellery
 x - a ring of poison resistance (left hand)
 y - a +6 ring of evasion (right hand)
Wands
 w - a wand of clouds (4/9)
Scrolls
 f - a scroll of amnesia {unknown}
 g - 2 scrolls of immolation {unknown}
 k - 2 scrolls of recharging {unknown}
 n - 2 scrolls of identify {unknown}
 o - a scroll of blinking {unknown}
 p - 2 scrolls of fear {unknown}
 q - a scroll of teleportation {unknown}
 r - a scroll of enchant armour {unknown}
 s - a scroll of magic mapping {unknown}
 t - a scroll of random uselessness {unknown}
 v - a scroll of fog {unknown}
Potions
 d - a potion of mutation {unknown}
 e - 3 potions of heal wounds {unknown}
 h - a potion of brilliance {unknown}
 i - a potion of agility {unknown}
 m - a potion of might {unknown}
 u - a potion of haste {unknown}
Comestibles
 c - 3 bread rations
 j - 2 fruits
 l - 2 royal jellies


   Skills:
 + Level 6.7 Fighting
 + Level 7.5 Axes
 - Level 2.1 Armour
 - Level 1.5 Dodging


You had 5 spell levels left.
You didn't know any spells.

Dungeon Overview and Level Annotations

Branches:
Dungeon (4/15)
 Temple: D:4-7

Altars:
Fedhas
Gozag
Qazlal
The Shining One

Annotations:
D:2 exclusion: oklob plant


Message History

You barely miss the leopard gecko. The leopard gecko misses you.
The jelly misses you.
You hit the jelly.
Your hands burn!
* * * LOW HITPOINT WARNING * * *
The jelly is almost dead.
You hit the leopard gecko. The leopard gecko bites you.
* * * LOW HITPOINT WARNING * * *
The jelly hits you.
* * * LOW HITPOINT WARNING * * *
You are splashed with acid!
The acid burns!
* * * LOW HITPOINT WARNING * * *
You're too hungry.
You hit the jelly but do no damage.
Your hands burn!
* * * LOW HITPOINT WARNING * * *
The jelly is almost dead.
You hit the leopard gecko. The leopard gecko barely misses you.
The jelly hits you.
* * * LOW HITPOINT WARNING * * *
You are splashed with acid!
The acid burns!
You die...

.# .# ... .. ...
##.# ###.. #<.# ...
#..# #.# #l.#
####'#####J.#
#######........@..#
#.................#
###.###..........##
#.# #..........#
#.# #..........####
#.# #..........#..#
#.# #..........#..#
#.#
#..........#..###
#.#
#...............#


You could see a jelly and a leopard gecko.

Vanquished Creatures
  The ghost of 100P the Insei, an amateur DsGl (D:4)
  An ogre (D:4)
  Ijyb (D:4)
  2 adders
  3 oozes
  2 worms
  2 leopard geckos
  4 orcs (D:3)
  6 giant cockroaches
  6 goblins
  6 hobgoblins
  9 bats
  4 frilled lizards
  7 kobolds
  7 rats
  A plant (D:1)
62 creatures vanquished.

Notes
Turn   | Place    | Note
-------+----------+-------------------------------------------
     0 | D:1      | urechis the Hill Orc Berserker began the quest for the Orb.
     0 | D:1      | Reached XP level 1. HP: 19/19 MP: 1/1
    94 | D:1      | Reached XP level 2. HP: 26/27 MP: 2/2
   805 | D:1      | Reached XP level 3. HP: 30/33 MP: 3/3
  1442 | D:2      | Reached skill level 5 in Axes
  1920 | D:2      | Found a blossoming altar of Fedhas.
  1939 | D:2      | Noticed an oklob plant
  2105 | D:3      | Reached XP level 4. HP: 41/41 MP: 4/4
  2209 | D:3      | Found an opulent altar of Gozag.
  2266 | D:3      | Reached ** piety under Trog
  2480 | D:3      | Found a glowing golden altar of the Shining One.
  2523 | D:3      | Found a stormy altar of Qazlal.
  2625 | D:3      | Reached skill level 5 in Fighting
  3041 | D:4      | Noticed Ijyb
  3052 | D:4      | Killed Ijyb
  3052 | D:4      | Reached skill level 6 in Axes
  3052 | D:4      | Reached XP level 5. HP: 38/48 MP: 5/5
  3200 | D:4      | Noticed 100P's ghost (amateur DsGl)
  3208 | D:4      | Killed 100P's ghost
  3208 | D:4      | Reached skill level 7 in Axes
  3208 | D:4      | Reached XP level 6. HP: 58/58 MP: 6/6
  3406 | D:4      | Splashed by a jelly's acid

Vault maps used:
D:1:      denvon_arrival_planthouse
D:2:      tgw_fedhas
D:3:      grunt_gozag_statues, grunt_qazlal_sundering, first_bread,
          nicolae_tso_swordbearing_angel
D:4:      uniq_ijyb

Skill      XL: |  1  2  3  4  5 |
---------------+----------------+-----
Fighting       | 4 5 6 |  6.7
Axes           | 5 6 7 |  7.5
Armour         | |  2.1
Dodging        | |  1.5

Action                   |  1- 3 |  4- 6 || total
-------------------------+-------+-------++-------
Melee: Hand axe          |   146 |   109 ||   255
Invok: Berserk           |       |     3 ||     3
 Stab: Sleeping          |     2 |     2 ||     4
  Eat: Chunk             |     4 |     5 ||     9
Armor: Animal skin       |    23 |    11 ||    34
       Chain mail        |       |     2 ||     2
Dodge: Dodged            |    73 |    58 ||   131
